 Dungeon Crawl Stone Soup version 0.30-a0-782-ge64f9170bb (webtiles) character file.

Game seed: 473894843103449868

335 Dartaoz the Cudgeller (level 6, 0/53 HPs)
             Began as an Armataur Fighter on Feb 19, 2023.
             Slain by a phantom (4 damage)
             ... on level 4 of the Dungeon.
             The game lasted 00:05:39 (2938 turns).

Dartaoz the Cudgeller (Armataur Fighter)            Turns: 2938, Time: 00:05:40

Health: 0/53       AC:  9    Str: 23    XL:     6   Next: 28%
Magic:  6/6        EV:  7    Int:  8    God:
Gold:   319        SH:  5    Dex: 16    Spells: 5/5 levels left

rFire   . . .      SeeInvis .    a - +0 flail
rCold   . . .      Faith    .    c - +0 buckler
rNeg    . . .      Spirit   .    b - +0 scale mail
rPois   .          Reflect  .    (no helmet)
rElec   .          Harm     .    (no cloak)
rCorr   .          Roll     +    o - +1 pair of gloves
Will    +....                    (no barding) Stlth
                                 (no amulet)
HPRegen 0.28/turn                k - ring of willpower
MPRegen 0.10/turn                r - +6 ring of dexterity

@: no status effects
A: large, rugged brown scales 3, deformed body, armoured tail, roll, long
tongue, awkward tongue
a: no special abilities


You were on level 4 of the Dungeon.
You visited 1 branch of the dungeon, and saw 4 of its levels.

You collected 319 gold pieces.

Inventory:

Hand Weapons
 a - a +0 flail (weapon)
Armour
 b - a +0 scale mail (worn)
 c - a +0 buckler (worn)
 o - a +1 pair of gloves (worn)
Jewellery
 j - a ring of magical power
 k - a ring of willpower (left hand)
 r - a +6 ring of dexterity (right hand)
Scrolls
 e - a scroll of blinking {unknown}
 h - 3 scrolls of identify {unknown}
 l - a scroll of fog {unknown}
 n - a scroll of immolation {unknown}
 p - 4 scrolls of fear {unknown}
 q - a scroll of brand weapon {unknown}
 s - a scroll of poison {unknown}
 t - a scroll of enchant weapon {unknown}
Potions
 d - 2 potions of might
 f - a potion of heal wounds {unknown}
 g - 2 potions of curing
 i - a potion of brilliance {unknown}
 m - a potion of magic {unknown}
 u - a potion of invisibility {unknown}
 v - 2 potions of haste {unknown}


   Skills:
 - Level 2.6 Fighting
 + Level 6.1 Maces & Flails
 - Level 3.6 Armour
 - Level 3.2 Shields


You had 5 spell levels left.
You didn't know any spells.
Your spell library contained the following spells:

 Spells                   Type           Power      Damage    Failure   Level
 Ensorcelled Hibernation  Hex/Ice        0%         N/A       90%         2
 Passwall                 Tmut/Erth      0%         N/A       90%         2
 Swiftness                Air            0%         N/A       99%         3


Dungeon Overview and Level Annotations

Branches:
Dungeon (4/15)
 Temple: D:4-7

Altars:
Fedhas
Gozag
Kikubaaqudgha
Wu Jian

Annotations:
D:4 Edmund


Innate Abilities, Weirdness & Mutations

You are completely covered in rugged brown scales. (AC +3, +7% HP)
Armour fits poorly on your strangely shaped body.
You have a long armoured tail.
You roll when moving toward enemies. (Rampage)
Your long tongue fully drains potion bottles. (2x potion effects)
Your tongue gives you trouble enunciating. (1.5x scroll delay)


Message History

Edmund hits you with a +4 heavy flail.
You sock Blork the orc!
You kill Blork the orc!
You block Edmund's attack.
Your Maces & Flails skill increases to level 6!
Edmund says, "People think my brother is the best.
I think he's crazy."
An ogre and a phantom come into view.
The ogre shouts!
You hit Edmund but do no damage.
Edmund gestures with his flail.
Edmund barely misses you.
The phantom hits you but does no damage.
The phantom hits you.
You closely miss Edmund. Edmund hits you with a +4 heavy flail.
The phantom hits you but does no damage.
The orc barely misses you.
You hit Edmund but do no damage. You tail-slap Edmund, but do no damage.
Edmund hits you with a +4 heavy flail! You block the phantom's attack.
The orc hits you from afar with a +0 trident.
* * * LOW HITPOINT WARNING * * *
You closely miss Edmund. You tail-slap Edmund.
Edmund is lightly wounded.
The phantom hits you.
* * * LOW HITPOINT WARNING * * *
The orc barely misses you. Edmund closely misses you.
You hit Edmund but do no damage.
Edmund is lightly wounded.
The orc hits you but does no damage.
The phantom hits you but does no damage.
An orc comes into view. It is wielding a +0 club.
You barely miss Edmund.
Edmund is lightly wounded.
Edmund hits you with a +4 heavy flail!
* * * LOW HITPOINT WARNING * * *
The phantom hits you but does no damage.
The orc hits you but does no damage. You block the ogre's attack.
You hit Edmund but do no damage. You tail-slap Edmund.
Edmund is lightly wounded.
The phantom hits you.
You die...

.## #.......##_. .#
##.......#.#
.######..........###
.......(.......##..
##
.######.###........
... #.# #...###.# ..
#.# #...# .#.##
#.###...###W...###
#.#...ooo@@O.....#
#.#.#).{###....#.#
#.#†....###.#.##
#.............#
###.#...........#
.............#.##
#.###........#.# #.
#.#...##.#.# #
#>#...##.#


You could see Edmund, an ogre, a phantom and 3 orcs.

Vanquished Creatures
  Blork the orc (D:4)
  2 scorpions (D:4)
  An orc wizard (D:3)
  5 adders
  An ufetubus (D:4)
  A worm (D:3)
  4 orcs (D:3)
  10 endoplasms
  2 giant cockroaches (D:3)
  3 hobgoblins
  9 jackals
  2 quokkas (D:3)
  7 ball pythons
  A bat (D:2)
  3 frilled lizards
  7 goblins
  9 kobolds
  8 rats
76 creatures vanquished.

Vanquished Creatures (others)
  A plant (D:4)
1 creature vanquished.

Grand Total: 77 creatures vanquished

Notes
Turn   | Place    | Note
-------+----------+-------------------------------------------
     0 | D:1      | Dartaoz the Armataur Fighter began the quest for the Orb.
     0 | D:1      | Reached XP level 1. HP: 19/19 MP: 1/1
    84 | D:1      | Reached skill level 2 in Maces & Flails
   113 | D:1      | Reached XP level 2. HP: 22/26 MP: 2/2
   418 | D:1      | Reached skill level 3 in Maces & Flails
   617 | D:1      | Found a faded altar of an unknown god.
   640 | D:1      | Reached XP level 3. HP: 32/32 MP: 3/3
  1176 | D:2      | Reached XP level 4. HP: 39/39 MP: 4/4
  1592 | D:3      | Reached skill level 4 in Maces & Flails
  1610 | D:3      | Found an opulent altar of Gozag.
  1618 | D:3      | Found a blossoming altar of Fedhas.
  2511 | D:4      | Reached XP level 5. HP: 44/44 MP: 5/5
  2582 | D:4      | Found an ornate altar of the Wu Jian Council.
  2592 | D:4      | Reached skill level 5 in Maces & Flails
  2807 | D:4      | Found an ancient bone altar of Kikubaaqudgha.
  2820 | D:4      | Reached XP level 6. HP: 35/53 MP: 6/6
  2912 | D:4      | Noticed Blork the orc
  2912 | D:4      | Noticed Edmund
  2918 | D:4      | Killed Blork the orc
  2919 | D:4      | Reached skill level 6 in Maces & Flails
  2938 | D:4      | Slain by a phantom

Illustrated notes

Levels and vault maps discovered:
D:1:      amcnicky_arrival_wind_blow, layout_basic,
          ebering_ecumenical_altar_hall, interstate_on_off
D:2:      layout_basic
D:3:      layout_loops_corners, grunt_temple_overflow_open
D:4:      layout_loops_ring, nzn_wu_jian_contemplation,
          gammafunk_temple_overflow_forgotten, minmay_hedge_maze,
          corexii_hall_statues_l, uniq_edmund, uniq_blork_the_orc

Skill      XL: |  1  2  3  4  5  6 |
---------------+-------------------+-----
Maces & Flails | 2 3 4 5 6 |  6.1
Fighting       | |  2.6
Armour         | |  3.6
Shields        | |  3.2

Action                     |  1- 3 |  4- 6 || total
---------------------------+-------+-------++-------
  Melee: Flail             |    91 |   104 ||   195
         Tailslap          |     8 |    15 ||    23
 Armour: Scale mail        |    50 |    52 ||   102
  Dodge: Dodged            |    36 |    23 ||    59
  Block: Buckler           |    18 |    13 ||    31

Table legend: (Time is in decaauts)
 A = Elapsed time spent in this place.
 B = Non-inter-level travel time spent in this place.
 C = Inter-level travel time spent in this place.
 D = Time resting spent in this place.
 E = Time spent auto-exploring this place.
 F = Levels seen in this place.
 G = Mean time per level.
                   A        B        C        D        E       F      G
               +--------+--------+--------+--------+--------+-----+--------+
         Total |   2982 |   2877 |    105 |      0 |   2415 |   4 |  745.5 |
       Dungeon |   2982 |   2877 |    105 |      0 |   2415 |   4 |  745.5 |
               +--------+--------+--------+--------+--------+-----+--------+

Top non-repeatable levels by time:
     D:3: 899 daAuts
     D:2: 827 daAuts
     D:1: 783 daAuts
     D:4: 471 daAuts
